 Dungeon Crawl Stone Soup version 0.31-a0-810-ga77100ea1a (webtiles) character file.

Game seed: 11840167333659369574

31515 Newt the Basher (level 13, -2/97 HPs)
             Began as a Demonspawn Gladiator on Sept 21, 2023.
             Was a Believer of Hepliaklqana.
             Slain by an ettin
             ... wielding a +0 dire flail
              (5 damage)
             ... on level 14 of the Dungeon.
             The game lasted 00:17:55 (12114 turns).

Newt the Basher (Demonspawn Gladiator)             Turns: 12114, Time: 00:17:55

Health: -2/97      AC: 38    Str: 19    XL:     13   Next: 26%
Magic:  11/13      EV: 12    Int: 11    God:    Hepliaklqana [**....]
Gold:   2257       SH:  6    Dex: 14    Spells: 12/12 levels left

rFire   + . .        z - +4 demon whip (venom)
rCold   . . .        p - +1 buckler
rNeg    + . .        x - +15 Maxwell's patent armour {-Cast -Tele rElec Will+ rCorr}
rPois   .            q - +1 hat
rElec   +            D - scarf {repulsion}
rCorr   +            k - +0 pair of gloves
SInv    .            Q - +2 pair of boots
Will    +....        B - amulet of faith Stlth
                     h - ring of positive energy
HPRegen 0.36/turn    F - ring of protection from fire
MPRegen 0.13/turn

%: no teleportation, no spellcasting, repel missiles, faith
@: agile, studying 5 skills
A: reduced essence, yellow scales 3, powered by pain 2, spiny 2, demonic touch 1
a: Renounce Religion, Recall Ancestor, Ancestor Identity


You were on level 14 of the Dungeon.
You worshipped Hepliaklqana.
Hepliaklqana was pleased with you.
You visited 1 branch of the dungeon, and saw 14 of its levels.
You also visited: Trove.

You collected 2257 gold pieces.

Inventory:

Hand Weapons
 a - a +1 heavy rapier
 f - a +0 dagger of venom
 n - a +9 club of protection
 r - a +1 short sword of draining
 z - a +4 demon whip of venom (weapon)
Missiles
 e - 7 javelins
 u - 20 poisoned darts
 M - 3 boomerangs
Armour
 b - a +0 leather armour
 c - a +0 helmet
 k - a +0 pair of gloves (worn)
 p - a +1 buckler (worn)
 q - a +1 hat (worn)
 x - the +15 Maxwell's patent armour (worn) {-Cast -Tele rElec Will+ rCorr}
   (You found it on level 11 of the Dungeon)

   rElec:     It insulates you from electricity.
   Will+:     It increases your willpower.
   -Cast:     It prevents spellcasting.
   -Tele:     It prevents most forms of teleportation.
   rCorr:     It protects you from acid and corrosion.
 C - a +0 troll leather armour
 D - a scarf of repulsion (worn)
 J - a +0 buckler
 N - a +0 pair of boots
 O - +0 acid dragon scales
 Q - a +2 pair of boots (worn)
Jewellery
 g - a ring of resist corrosion
 h - a ring of positive energy (left hand)
 B - an amulet of faith (around neck)
 F - a ring of protection from fire (right hand)
 R - a ring of fire
Wands
 t - a wand of flame (56)
 w - a wand of mindburst (25)
 I - a wand of acid (3)
 P - a wand of iceblast (2)
 X - a wand of paralysis (5)
Scrolls
 i - 3 scrolls of immolation
 l - 4 scrolls of fog
 s - 2 scrolls of fear
 y - 6 scrolls of teleportation
 G - a scroll of blinking
 K - 2 scrolls of vulnerability
 S - 2 scrolls of enchant armour
 T - a scroll of identify
 U - a scroll of silence
 W - a scroll of revelation {unknown}
Potions
 j - 5 potions of attraction
 m - a potion of mutation
 o - 6 potions of curing
 v - a potion of cancellation
 A - 2 potions of degeneration
 E - a potion of enlightenment
 L - a potion of brilliance
 Y - 2 potions of lignification {unknown}


   Skills:
 - Level 12.0 Fighting
 - Level 4.0 Short Blades
 - Level 12.0 Maces & Flails
 - Level 1.7 Throwing
 - Level 9.0 Armour
 - Level 5.0 Dodging
 - Level 5.0 Shields
 + Level 9.9 Evocations


You had 12 spell levels left.
You didn't know any spells.
Your spell library contained the following spells:

 Spells                   Type           Power      Damage    Failure   Level
 Apportation              Tloc           0%         N/A       100%        1
 Foxfire                  Conj/Fire      0%         2x1d4     100%        1
 Kiss of Death            Conj/Necr      0%         2d5       100%        1
 Magic Dart               Conj           0%         1d3       100%        1
 Necrotise                Necr           0%         1d4       100%        1
 Shock                    Conj/Air       0%         1d3       100%        1
 Sting                    Tmut/Pois      0%         1d3       100%        1
 Call Imp                 Summ           0%         N/A       100%        2
 Cigotuvi's Dreadful Rot  Necr/Pois/Air  0%         N/A       100%        2
 Jinxbite                 Hex            0%         N/A       100%        2
 Poisonous Vapours        Pois/Air       0%         N/A       100%        2
 Sublimation of Blood     Necr           0%         N/A       100%        2
 Ignite Poison            Fire/Tmut/Pois 0%         N/A       100%        3
 Mephitic Cloud           Conj/Pois/Air  0%         N/A       100%        3
 Ozocubu's Armour         Ice            0%         N/A       100%        3
 Stone Arrow              Conj/Erth      0%         3d7       100%        3
 Swiftness                Air            0%         N/A       100%        3
 Vampiric Draining        Necr           0%         2d6       100%        3
 Airstrike                Air            0%         2d(0-16)  100%        4
 Animate Armour           Summ/Erth      0%         N/A       100%        4
 Olgreb's Toxic Radiance  Pois           0%         N/A       100%        4
 Vhi's Electric Charge    Tloc/Air       0%         N/A       100%        4
 Agony                    Necr           0%         N/A       100%        5
 Alistair's Intoxication  Tmut/Pois      0%         N/A       100%        5
 Arcjolt                  Conj/Air       0%         1d10      100%        5
 Borgnjor's Vile Clutch   Necr/Erth      0%         N/A       100%        5
 Fireball                 Conj/Fire      0%         3d3       100%        5
 Conjure Ball Lightning   Conj/Air       0%         3x3d6     100%        6
 Eringya's Noxious Bog    Tmut/Pois      0%         4d6       100%        6
 Plasma Beam              Fire/Air       0%         2x1d10    100%        6
 Simulacrum               Ice/Necr       0%         N/A       100%        6
 Starburst                Conj/Fire      0%         6d3       100%        6
 Ozocubu's Refrigeration  Ice            0%         4d7       100%        7
 Discord                  Hex            0%         N/A       100%        8
 Disjunction              Tloc           0%         N/A       100%        8
 Infestation              Necr           0%         N/A       100%        8
 Lehudib's Crystal Spear  Conj/Erth      0%         10d2      100%        8


Dungeon Overview and Level Annotations

Branches:
Dungeon (14/15)            Temple (0/1) D:6            Lair (0/5) D:11
    Orc (0/2) D:10
 Vaults: D:13-14

Altars:
Dithmenos
Hepliaklqana
Nemelex Xobeh
Okawaru
Trog
Xom

Annotations:
D:11 2 transporters, ratmeat3's ghost, journeyman TrFi
D:13 1 transporter, Heug's ghost, journeyman GrEE


Innate Abilities, Weirdness & Mutations

Your life essence is reduced to manifest your ancestor. (-10% HP)
You are completely covered in yellow scales. (AC +4, rCorr)
You sometimes gain power by taking damage.
You are mostly covered in sharp spines.
Your touch may inflict minor irresistible damage on your foes.


Message History

The wolf spider simulacrum is struck by your spines.
The wolf spider simulacrum hits you but does no damage.
The wolf spider simulacrum barely misses you.
You block the ettin's attack. The ettin hits you but does no damage.
The molten gargoyle blasts magma at you!
The bolt of magma hits you. You partially resist.
Unknown command.
Read: 3 scrolls of fear
Press: ? - help, Dir - look around, f - activate Look: an ettin, wielding two +0 dire flails (ally target, chance to affect: 90%)
As you read the scroll of fear, it crumbles to dust.
You assume a fearsome visage.
The wolf spider simulacrum is unaffected.
The ice dragon looks frightened!
The ettin looks frightened!
The yaktaur captain looks frightened!
The molten gargoyle is unaffected.
The wolf spider simulacrum is struck by your spines.
The wolf spider simulacrum barely misses you.
The wolf spider simulacrum bites you but does no damage.
Rana gestures at the ettin while chanting.
Rana's attack snaps the ettin out of its fear.
The ettin resists with some effort.
The ettin is struck by your spines.
The ettin hits you with a +0 dire flail!
* * * LOW HITPOINT WARNING * * *
The ettin hits you with a +0 dire flail!!
* * * LOW HITPOINT WARNING * * *
Unknown command.
You feel much better. The wolf spider simulacrum hits you!
* * * LOW HITPOINT WARNING * * *
The wolf spider simulacrum freezes you!
* * * LOW HITPOINT WARNING * * *
You focus on the pain.
You feel more agile all of a sudden. The wolf spider simulacrum misses you.
Rana casts a spell at the ettin.
The ettin resists with some effort.
The wolf spider simulacrum closely misses you.
The wolf spider simulacrum bites you but does no damage.
The ettin hits you with a +0 dire flail.
You die...

#######+####
#≈≈§≈§§§§§≈≈
#≈§§§§§§§§§≈
#≈§≈§.....≈≈
#§≈≈9§.§.D.≈
#≈§..8...8.(
#≈.....c....
#§.§@Z)8|...
#≈..RC.)....
#≈≈..8...8..
#≈≈§.......§
#≈≈≈≈.....≈≈
#≈≈≈≈≈...§≈§
#≈≈≈≈§≈.≈≈≈≈
############


You could see the friendly Rana the hexer, an ice dragon (fleeing, catching
breath), a yaktaur captain (fleeing), an ettin (ally target), a molten gargoyle
and a wolf spider simulacrum.

Vanquished Creatures
  A fire dragon (D:12)
  2 catoblepae
  4 centaur warriors
  2 two-headed ogres
  A tengu warrior (D:13)
  4 boulder beetles
  Urug (D:12)
  Sonja (D:13)
  Lodul (D:10)
  A harpy (D:12)
  A necromancer (D:12)
  2 deep elf pyromancers (D:12)
  2 ugly things
  2 cyclopes (D:12)
  2 manticores
  3 slime creatures (D:13)
  An orange demon (D:10)
  A guardian serpent (shapeshifter) (D:11)
  A gargoyle (D:11)
  2 efreet
  2 kobold demonologists (D:11)
  An unseen horror (D:12)
  A komodo dragon (D:11)
  2 trolls
  A hornet (D:8)
  2 polar bears (D:12)
  A culicivora (shapeshifter) (D:12)
  Sigmund (D:3)
  2 shadows (D:12)
  4 wyverns
  19 yaks
  A wraith (D:13)
  2 steam dragons (D:8)
  A basilisk (D:12)
  2 vampire mosquitoes (D:13)
  2 acid dragons
  A water moccasin (D:6)
  A black bear (D:3)
  3 orc warriors (D:11)
  An ice beast (D:12)
  10 ogres
  A wolf (D:12)
  8 centaurs
  A phantom (D:6)
  5 scorpions
  5 bullfrogs
  5 wights
  8 howler monkeys
  4 hounds
  2 gnoll boudas
  10 orc priests
  A sleepcap (D:8)
  Ijyb (D:4)
  2 iguanas
  6 orc wizards
  Robin (D:3)
  11 gnolls
  8 adders
  4 ufetubi
  A worm (D:2)
  3 dart slugs
  31 orcs
  2 bats
  4 endoplasms (D:2)
  4 giant cockroaches
  14 goblins
  7 hobgoblins
  6 jackals (D:2)
  4 quokkas
  5 ball pythons
  3 frilled lizards
  15 kobolds
  4 rats
281 creatures vanquished.

Vanquished Creatures (collateral kills)
  A boulder beetle (D:12)
  A two-headed ogre (D:11)
  Amaemon (D:10)
  A wizard (D:9)
  A vampire (D:10)
  A water elemental (D:12)
  5 yaks
  3 orc warriors
  3 ice beasts
  4 centaurs
  A kobold brigand (D:9)
  A bullfrog (D:5)
  3 wights
  4 howler monkeys
  A sleepcap (D:6)
  2 iguanas
  3 orc wizards
  3 gnolls
  A white imp (D:12)
  5 orcs
  A kobold (D:9)
46 creatures vanquished.

Vanquished Creatures (others)
  4 hexers
  An orc wizard (D:7)
5 creatures vanquished.

Grand Total: 332 creatures vanquished

Notes
Turn   | Place    | Note
-------+----------+-------------------------------------------
     0 | D:1      | Newt the Demonspawn Gladiator began the quest for the Orb.
     0 | D:1      | Reached XP level 1. HP: 16/16 MP: 1/1
   115 | D:1      | Gained mutation: You are partially covered in yellow
                  | scales. (AC +2) [demonic ancestry]
   115 | D:1      | Reached XP level 2. HP: 22/23 MP: 2/2
   578 | D:2      | Gained mutation: You sometimes gain a little power by
                  | taking damage. [demonic ancestry]
   578 | D:2      | Reached XP level 3. HP: 29/29 MP: 3/3
  1032 | D:2      | Gained mutation: You sometimes gain power by taking damage.
                  | [demonic ancestry]
  1032 | D:2      | Reached XP level 4. HP: 31/37 MP: 4/4
  1418 | D:3      | Found a faded altar of an unknown god.
  1506 | D:3      | Noticed a black bear
  1533 | D:3      | Killed a black bear
  1534 | D:3      | Gained mutation: You are mostly covered in yellow scales.
                  | (AC +3) [demonic ancestry]
  1534 | D:3      | Reached XP level 5. HP: 16/42 MP: 5/5
  1737 | D:3      | Noticed Robin
  1753 | D:3      | Killed Robin
  2054 | D:3      | Noticed Sigmund
  2069 | D:3      | Killed Sigmund
  2070 | D:3      | Reached skill level 5 in Dodging
  2070 | D:3      | Reached XP level 6. HP: 37/48 MP: 6/6
  2250 | D:4      | Reached skill level 1 in Maces & Flails
  2282 | D:4      | Noticed Ijyb
  2309 | D:4      | Killed Ijyb
  2312 | D:4      | Gained mutation: You are partially covered in sharp spines.
                  | [demonic ancestry]
  2312 | D:4      | Reached XP level 7. HP: 33/54 MP: 7/7
  2519 | D:4      | Found a shadowy altar of Dithmenos.
  2574 | D:4      | Found a hazy altar of Hepliaklqana.
  2592 | D:4      | Became a worshipper of Hepliaklqana the Forgotten
  2615 | D:4      | Found a bloodstained altar of Trog.
  2772 | D:4      | Found a sparkling altar of Nemelex Xobeh.
  3007 | D:5      | Entered Level 5 of the Dungeon
  3062 | D:5      | Found an iron altar of Okawaru.
  3076 | D:5      | Reached * piety under Hepliaklqana
  3229 | D:5      | Noticed a wyvern
  3235 | D:5      | Killed a wyvern
  3236 | D:5      | Reached skill level 5 in Maces & Flails
  3416 | D:5      | Reached XP level 8. HP: 41/54 MP: 8/8
  3592 | D:6      | Reached skill level 5 in Fighting
  3796 | D:6      | Found a staircase to the Ecumenical Temple.
  4098 | D:6      | Reached ** piety under Hepliaklqana
  4099 | D:6      | Remembered your ancestor Rana as a hexer
  4919 | D:7      | Reached XP level 9. HP: 65/66 MP: 9/9
  5292 | D:8      | Reached skill level 1 in Shields
  5439 | D:8      | Reached skill level 5 in Shields
  5656 | D:8      | Reached *** piety under Hepliaklqana
  5967 | D:8      | Found a shimmering altar of Xom.
  5981 | D:8      | Gained mutation: Your touch may inflict minor irresistible
                  | damage on your foes. [demonic ancestry]
  5981 | D:8      | Reached XP level 10. HP: 29/74 MP: 10/10
  7009 | D:9      | Noticed a wizard
  7019 | D:9      | Killed a wizard
  7032 | D:9      | Noticed a two-headed ogre
  7039 | D:9      | Killed a two-headed ogre
  7040 | D:9      | Reached skill level 10 in Maces & Flails
  7051 | D:9      | Reached **** piety under Hepliaklqana
  7411 | D:10     | Entered Level 10 of the Dungeon
  7901 | D:10     | Found a staircase to the Orcish Mines.
  7952 | D:10     | Noticed Lodul
  7990 | D:10     | Killed Lodul
  7991 | D:10     | Reached XP level 11. HP: 29/80 MP: 11/11
  8252 | D:10     | Noticed Amaemon
  8264 | D:10     | Killed Amaemon
  8281 | D:10     | Reached skill level 1 in Evocations
  8755 | D:10     | Found a portal to a secret trove of treasure.
  8790 | D:10     | You fall into a shaft and drop 1 floor!
  8911 | Trove    | Identified Sif Muna's Compilation of the Changing Mesa (Sif
                  | Muna gifted it to you in a treasure trove)
  8911 | Trove    | Identified Sif Muna's Octavo of the Conjured Panacea (Sif
                  | Muna gifted it to you in a treasure trove)
  8911 | Trove    | Identified Sif Muna's Reference Book on Vitiation and
                  | Misery (Sif Muna gifted it to you in a treasure trove)
  8911 | Trove    | Entered a treasure trove
  9349 | D:11     | Noticed ratmeat3's ghost (journeyman TrFi)
  9350 | D:11     | Found a transporter.
  9351 | D:11     | Noticed a two-headed ogre
  9358 | D:11     | Noticed a deep troll earth mage
  9363 | D:11     | Found a transporter.
  9460 | D:11     | Reached skill level 5 in Evocations
  9484 | D:11     | Noticed a boulder beetle
  9485 | D:11     | Found the +15 Maxwell's patent armour {-Cast -Tele rElec
                  | Will+ rCorr}
  9505 | D:11     | Killed a boulder beetle
  9616 | D:11     | Noticed a two-headed ogre
  9626 | D:11     | Killed a two-headed ogre
  9689 | D:11     | Noticed a two-headed ogre
  9701 | D:11     | Killed a two-headed ogre
  9702 | D:11     | Reached skill level 10 in Fighting
  9925 | D:11     | Gained mutation: You are completely covered in yellow
                  | scales. (AC +4, rCorr) [demonic ancestry]
  9925 | D:11     | Reached XP level 12. HP: 85/91 MP: 12/12
  9940 | D:11     | Reached skill level 1 in Armour
 10252 | D:11     | Found a staircase to the Lair.
 10486 | D:12     | Noticed a boulder beetle
 10500 | D:12     | Killed a boulder beetle
 10501 | D:12     | Identified a scroll of acquirement
 10502 | D:12     | Acquired 1200 gold pieces
 10674 | D:12     | Noticed a boulder beetle
 10694 | D:12     | Killed a boulder beetle
 10705 | D:12     | Reached skill level 5 in Armour
 10714 | D:12     | Noticed Urug
 10723 | D:12     | Paralysed by Urug for 5 turns
 10727 | D:12     | Killed Urug
 10915 | D:12     | Noticed a boulder beetle
 10915 | D:12     | Noticed a centaur warrior
 10918 | D:12     | Noticed a fire dragon
 10929 | D:12     | Noticed a catoblepas
 10946 | D:12     | Killed a centaur warrior
 10959 | D:12     | Killed a catoblepas
 10976 | D:12     | Killed a fire dragon
 11001 | D:12     | HP: 1/91 [boulder beetle (20)]
 11253 | D:12     | Killed a boulder beetle
 11910 | D:13     | Noticed a catoblepas
 11914 | D:13     | Noticed a boulder beetle
 11915 | D:13     | Killed a catoblepas
 11930 | D:13     | Killed a boulder beetle
 11931 | D:13     | Gained mutation: You are mostly covered in sharp spines.
                  | [demonic ancestry]
 11931 | D:13     | Reached XP level 13. HP: 85/97 MP: 13/13
 11991 | D:13     | Noticed Heug's ghost (journeyman GrEE)
 12005 | D:13     | Found a transporter.
 12012 | D:13     | Noticed Sonja
 12017 | D:13     | Killed Sonja
 12110 | D:14     | Noticed an ettin
 12113 | D:14     | HP: 2/97 [ettin/+0 dire flail (21)]
 12114 | D:14     | Slain by an ettin

Illustrated notes

Levels and vault maps discovered:
D:1:      minmay_arrival_four_circles, layout_rooms, minivault_26
D:2:      layout_loops_cross
D:3:      layout_loops_cross, hellmonk_ecumenical_altar_blasted, serial_bayou,
          serial_bayou_pond_d, serial_bayou_lagoon_b, serial_bayou_crossing,
          serial_bayou_pond_e, uniq_robin, uniq_sigmund
D:4:      layout_rooms, mainiacjoe_overflow_24_doors,
          nicolae_dithmenos_shadow_blocks, nicolae_hepliaklqana_hazy_memory,
          kennysheep_mini, marbit_many_paths, minmay_vboxes, uniq_ijyb
D:5:      layout_rooms, okawaru_metal_pillars_1_2, st_stairs_6,
          grunt_ministairs_12, interstate_on_off, columned_hall_lemuel,
          amcnicky_mini_pool_small
D:6:      layout_loops_ring, minmay_temple_entry_mini_moons
D:7:      layout_cave_pools
D:8:      layout_loops_ring, mainiacjoe_overflow_concentric_impassable
D:9:      layout_gridville
D:10:     layout_cave_pods, orc_0_dummy, nicolae_trove_entry_diagonal,
          uniq_amaemon, uniq_lodul
D:11:     layout_loops_ring, grunt_lair_entry_orc_guard_hut,
          gammafunk_ghost_arena, minmay_mirror_moons_of_madness
D:12:     layout_basic, serial_ice, serial_ice_a, serial_ice_e, serial_ice_o,
          serial_ice_f, serial_ice_m, minivault_28, uniq_urug
D:13:     minmay_the_grid_triangle_9x9_recursive_2_mashed
          [minmay_the_grid_triangle_9x9_prize_schism,
          minmay_the_grid_triangle_9x9_cache,
          minmay_the_grid_triangle_9x9_longest,
          minmay_the_grid_triangle_9x9_windchime], layout_long_grid,
          grunt_vaults_entry_tiered, gammafunk_ghost_berserking_beasts,
          grunt_ministairs_12, uniq_snorg, uniq_sonja
D:14:     kennysheep_four_of_diamonds, layout_rooms, serial_rivers,
          chequers_serial_rivers_small_b, chequers_serial_rivers_micro_b,
          chequers_serial_rivers_room_a, chequers_serial_rivers_marsh,
          chequers_serial_rivers_small_3, serial_bayou_ford_a,
          evilmike_minifort, uniq_azrael

Skill      XL: |  1  2  3  4  5  6  7  8  9 10 11 12 13 |
---------------+----------------------------------------+-----
Fighting       | 3 4 8 9 11 12 | 12.0
Short Blades   | 3 4 |  4.0
Dodging        | 3 5 |  5.0
Maces & Flails | 2 5 6 7 11 12 | 12.0
Shields        | 5 |  5.0
Evocations     | 7 8 9 |  9.9
Armour         | 9 |  9.0
Throwing       | |  1.7

Action                     |  1- 3 |  4- 6 |  7- 9 | 10-12 | 13-15 || total
---------------------------+-------+-------+-------+-------+-------++-------
  Melee: Dagger            |   124 |    75 |       |       |       ||   199
         Rapier            |     8 |       |       |       |       ||     8
         Punch             |     2 |       |     3 |       |       ||     5
         Club              |       |    60 |   249 |   217 |       ||   526
         Demon whip        |       |       |       |   326 |    57 ||   383
  Throw: Throwing net      |       |     1 |     2 |       |     1 ||     4
 Invoke: Ancestor Life: He |       |       |     1 |       |       ||     1
         Recall Ancestor   |       |       |       |     1 |     1 ||     2
  Evoke: Wand              |       |       |       |     2 |     4 ||     6
    Use: Scroll            |     4 |     9 |     8 |    13 |     1 ||    35
         Potion            |       |       |     2 |    10 |     2 ||    14
   Stab: Sleeping          |     1 |       |     1 |       |       ||     2
         Held in net/web   |       |     1 |       |       |       ||     1
         Distracted        |       |       |     1 |     5 |       ||     6
         Confused          |       |       |     5 |     6 |       ||    11
         Petrified         |       |       |       |     5 |     6 ||    11
 Armour: Leather armour    |    68 |    92 |   180 |     9 |       ||   349
         Acid dragon scale |       |       |       |    84 |       ||    84
         Plate armour      |       |       |       |   195 |    67 ||   262
         Troll leather arm |       |       |       |    39 |       ||    39
  Dodge: Dodged            |    87 |    92 |   173 |   180 |    20 ||   552
         Repelled          |       |       |     2 |     1 |       ||     3
  Block: Buckler           |       |       |     9 |   121 |    10 ||   140

Table legend: (Time is in decaauts)
 A = Elapsed time spent in this place.
 B = Non-inter-level travel time spent in this place.
 C = Inter-level travel time spent in this place.
 D = Time resting spent in this place.
 E = Time spent auto-exploring this place.
 F = Levels seen in this place.
 G = Mean time per level.
                   A        B        C        D        E       F      G
               +--------+--------+--------+--------+--------+-----+--------+
         Total |  11865 |  11404 |    461 |   1635 |   7745 |  15 |  791.0 |
       Dungeon |  11768 |  11307 |    461 |   1635 |   7674 |  14 |  840.6 |
         Trove |     96 |     96 |      0 |      0 |     71 |   1 |   96.0 |
               +--------+--------+--------+--------+--------+-----+--------+

Top non-repeatable levels by time:
    D:10: 1720 daAuts
    D:12: 1402 daAuts
     D:8: 1266 daAuts
     D:6: 1169 daAuts
    D:11: 1052 daAuts
     D:3: 891 daAuts
     D:9: 861 daAuts
     D:2: 819 daAuts
     D:4: 801 daAuts
     D:7: 554 daAuts
     D:5: 549 daAuts
     D:1: 507 daAuts
    D:13: 166 daAuts
   Trove: 96 daAuts
    D:14: 3 daAuts
